 Dungeon Crawl Stone Soup version 0.31-a0-1616-gbeaec30b81 (webtiles) character file.

Game seed: 13217474581656687021

3981 mandarbmax the Basher (level 10, -10/114 HPs)
             Began as an Oni Fighter on Jan 11, 2024.
             Mangled by a komodo dragon (27 damage)
             ... on level 8 of the Dungeon.
             The game lasted 00:11:03 (6852 turns).

mandarbmax the Basher (Oni Fighter)                 Turns: 6852, Time: 00:11:04

Health: -10/114    AC:  4    Str: 26    XL:     10   Next: 22%
Magic:  10/10      EV:  9    Int:  9    God:
Gold:   341        SH:  7    Dex:  8    Spells: 9/9 levels left

rFire   . . .        E - +2 whip (flame)
rCold   . . .        c - +0 kite shield
rNeg    . . .        b - +0 robe
rPois   .            (helmet restricted)
rElec   .            h - +0 cloak
rCorr   +            (gloves unavailable)
SInv    .            (boots unavailable)
Will    +....        g - amulet of regeneration
Stlth   +            u - ring of resist corrosion
HPRegen 1.19/turn    B - ring of flight
MPRegen 0.12/turn

%: no passive effects
@: flying
A: large, unfitting armour, horns 1, tough skin 1, double potion healing,
drunken brawling, hooves 1, sense surroundings 1
a: no special abilities


You were on level 8 of the Dungeon.
You visited 1 branch of the dungeon, and saw 8 of its levels.

You collected 396 gold pieces.
You spent 55 gold pieces at shops.

Inventory:

Hand Weapons
 y - a +1 heavy flail
 E - a +2 whip of flaming (weapon)
Missiles
 l - a throwing net
 w - 7 boomerangs (quivered)
Armour
 b - a +0 robe (worn)
 c - a +0 kite shield (worn)
 h - a +0 cloak (worn)
Jewellery
 g - an amulet of regeneration (around neck)
 q - an amulet of faith
 u - a ring of resist corrosion (left hand)
 B - a ring of flight (right hand)
 D - a ring of poison resistance
Wands
 n - a wand of iceblast (10)
 t - a wand of mindburst (9)
 C - a wand of flame (1)
 F - a wand of polymorph (19)
Scrolls
 f - 6 scrolls of teleportation
 j - 2 scrolls of fog {unknown}
 m - a scroll of revelation
 p - 2 scrolls of fear
 r - a scroll of enchant weapon
 s - a scroll of brand weapon
 v - 3 scrolls of noise {unknown}
 A - a scroll of poison
Potions
 a - a potion of attraction
 d - 2 potions of curing
 e - 2 potions of enlightenment
 i - 2 potions of brilliance
 k - 2 potions of mutation
 o - a potion of lignification {unknown}
 x - 3 potions of magic {unknown}
 z - a potion of degeneration {unknown}


   Skills:
 + Level 11.3 Fighting
 * Level 11.5 Maces & Flails
 + Level 4.1 Dodging
 - Level 3.0 Shields


You had 9 spell levels left.
You didn't know any spells.
Your spell library contained the following spells:

 Spells                   Type           Power      Damage    Failure   Level
 Kiss of Death            Conj/Necr      0%         2d5       63%         1
 Cigotuvi's Dreadful Rot  Necr/Alch/Air  0%         N/A       77%         2
 Confusing Touch          Hex            0%         N/A       94%         3
 Dispel Undead            Necr           0%         3d6       100%        4
 Ignite Poison            Fire/Alch      0%         N/A       100%        4
 Freezing Cloud           Conj/Ice/Air   0%         6-21      100%        5


Dungeon Overview and Level Annotations

Branches:
Dungeon (8/15)             Temple (0/1) D:7
   Lair: D:8-11

Altars:
Dithmenos
Gozag
Hepliaklqana
Qazlal
Ru
Wu Jian
The Shining One

Shops:
D:2 ?


Innate Abilities, Weirdness & Mutations

You are too large for most types of armour.
You have a pair of small horns on your head.
You have tough skin. (AC +1)
You gain doubled healing and magic from potions.
Whenever you drink a healing potion, you attack all around you.
You have large cloven feet.
You passively map a small area around you.


Message History

You hit the kobold. You burn the kobold. You kick the kobold.
You kill the kobold!
You barely miss the kobold. You hit the komodo dragon.
You burn the komodo dragon. Your headbutt misses the komodo dragon.
The komodo dragon is lightly wounded.
You hit the komodo dragon. You burn the komodo dragon.
You kick the komodo dragon.
The komodo dragon is moderately wounded.
You are no longer corroded.
You block the komodo dragon's attack.
You hit the komodo dragon. You burn the komodo dragon.
The komodo dragon is moderately wounded.
You hit the komodo dragon but do no damage.
You kick the komodo dragon.
You headbutt the komodo dragon, but do no damage.
The komodo dragon is heavily wounded.
The komodo dragon bites you.
Okay, then.
You whack the komodo dragon! You burn the komodo dragon.
You kick the komodo dragon, but do no damage.
The komodo dragon is severely wounded.
The komodo dragon bites you!!
* * * LOW HITPOINT WARNING * * *
You hit the komodo dragon. You burn the komodo dragon.
You headbutt the komodo dragon, but do no damage.
The komodo dragon is severely wounded.
You hit the komodo dragon but do no damage.
Your kick misses the komodo dragon.
You headbutt the komodo dragon, but do no damage.
The komodo dragon is severely wounded.
The komodo dragon bites you!!
* * * LOW HITPOINT WARNING * * *
Unknown command.
You take a swig of the potion and twirl your +2 whip of flaming.
You hit the komodo dragon. You burn the komodo dragon.
Your kick misses the komodo dragon.
The komodo dragon is almost dead.
You savour every drop.
You feel better. The komodo dragon bites you!!
You die...

.### #.#..#.#.# #.#####. .####
.....#.#.###### #.# #. ...<#
...###.#......# #.# #. #####*
##### ########## ### ## , ##
### # .###.# * ## .. ,
#...####### ### *#.##...
.###...##.# #@###....... ##
####..#### ###lK........ *
#.....###..K..†..### *
###.........###.#.#
#####.#.##.# ,# *
###############################
.#.#.#.##.#......####.........#
.#.#.#.##.#.#.#.)..##.........#
.#.#.#.##.#.#.#.##.##.........#


You could see a komodo dragon and 2 kobolds.

Vanquished Creatures
  Pikel (D:7)
  A komodo dragon (D:8)
  Grinder (D:6)
  A wyvern (D:8)
  A basilisk (D:8)
  Menkaure (D:6)
  A water moccasin (D:7)
  An acid dragon (D:8)
  3 black bears
  2 sky beasts
  An orc warrior (D:8)
  A lemure (D:7)
  2 phantoms
  A kobold brigand (D:8)
  2 bullfrogs
  A gnoll sergeant (D:4)
  2 scorpions
  8 wights
  2 howler monkeys (D:7)
  A bombardier beetle (D:4)
  A jelly (D:6)
  3 hounds
  3 orc priests
  An iguana (D:7)
  Ijyb (D:3)
  Jessica (D:2)
  A sleepcap (D:7)
  Terence (D:2)
  10 orc wizards
  6 adders
  8 gnolls
  A shadow imp (D:3)
  4 ufetubi
  A ribbon worm (D:5)
  4 dart slugs
  23 orcs
  13 ball pythons
  5 endoplasms
  3 giant cockroaches
  12 goblins
  5 hobgoblins
  9 jackals
  9 kobolds
  4 quokkas
  2 bats
  3 frilled lizards
  5 rats
173 creatures vanquished.

Vanquished Creatures (others)
  An orc wizard (D:3)
1 creature vanquished.

Grand Total: 174 creatures vanquished

Notes
Turn   | Place    | Note
-------+----------+-------------------------------------------
     0 | D:1      | mandarbmax the Oni Fighter began the quest for the Orb.
     0 | D:1      | Reached XP level 1. HP: 24/24 MP: 1/1
   194 | D:1      | Reached XP level 2. HP: 32/32 MP: 2/2
   500 | D:1      | Reached XP level 3. HP: 39/40 MP: 3/3
  1293 | D:2      | Noticed Terence
  1305 | D:2      | Killed Terence
  1306 | D:2      | Reached XP level 4. HP: 30/49 MP: 4/4
  1671 | D:2      | Noticed Jessica
  1676 | D:2      | Killed Jessica
  1677 | D:2      | Reached skill level 5 in Fighting
  1677 | D:2      | Reached XP level 5. HP: 54/57 MP: 5/5
  1685 | D:2      | Found Fueniol's Magic Scroll Emporium.
  1688 | D:2      | Bought a scroll of identify for 22 gold pieces
  1688 | D:2      | Bought a scroll of teleportation for 33 gold pieces
  1833 | D:3      | Noticed Ijyb
  1842 | D:3      | Killed Ijyb
  1883 | D:3      | Reached XP level 6. HP: 15/67 MP: 6/6
  1968 | D:3      | Reached skill level 5 in Maces & Flails
  2690 | D:4      | Reached XP level 7. HP: 43/76 MP: 7/7
  3381 | D:5      | Entered Level 5 of the Dungeon
  3868 | D:5      | Found an ornate altar of the Wu Jian Council.
  4090 | D:5      | Found an opulent altar of Gozag.
  4236 | D:6      | Reached XP level 8. HP: 79/88 MP: 8/8
  4268 | D:6      | Noticed Grinder
  4277 | D:6      | Killed Grinder
  4507 | D:6      | Noticed Menkaure
  4511 | D:6      | Killed Menkaure
  5103 | D:7      | Found a stormy altar of Qazlal.
  5144 | D:7      | Found a hazy altar of Hepliaklqana.
  5149 | D:7      | Found a glowing golden altar of the Shining One.
  5151 | D:7      | Found a shadowy altar of Dithmenos.
  5233 | D:7      | Reached XP level 9. HP: 97/98 MP: 9/9
  5315 | D:7      | Noticed Pikel
  5331 | D:7      | Killed Pikel
  5332 | D:7      | Reached skill level 10 in Fighting
  5332 | D:7      | Reached skill level 10 in Maces & Flails
  5756 | D:7      | Found a sacrificial altar of Ru.
  6071 | D:7      | Found a staircase to the Ecumenical Temple.
  6693 | D:8      | Reached XP level 10. HP: 104/111 MP: 10/10
  6841 | D:8      | Gained mutation: You have large cloven feet. [potion of
                  | mutation]
  6841 | D:8      | Gained mutation: You passively map a small area around you.
                  | [potion of mutation]
  6851 | D:8      | HP: 1/114 [komodo dragon (31)]
  6852 | D:8      | Mangled by a komodo dragon

Illustrated notes

Levels and vault maps discovered:
D:1:      saegor_arrival_under_anarchy, layout_loops_ring, serial_rivers,
          chequers_serial_rivers_micro_a, chequers_serial_rivers_micro_b,
          chequers_serial_rivers_marsh, chequers_serial_rivers_room_a,
          minmay_surrounded
D:2:      layout_loops_corners, serial_shops, nicolae_shop_behind_doors,
          minivault_14, minmay_close_crescents, uniq_terence, uniq_jessica
D:3:      layout_rooms, minmay_ruptured, uniq_ijyb
D:4:      layout_loops_corners, grunt_decor_resistance
D:5:      layout_cave_pools, kennysheep_mini, nzn_wu_jian_contemplation,
          grunt_decor_fettered
D:6:      layout_basic, uniq_menkaure, uniq_grinder
D:7:      layout_layer_cave, mainiacjoe_overflow_small_starburst,
          nicolae_overflow_macrodata_refinement, minmay_temple_entry_wispy,
          uniq_pikel
D:8:      layout_basic, erik_lair_dragon, minmay_misc_feat_pillars

Skill      XL: |  1  2  3  4  5  6  7  8  9 10 |
---------------+-------------------------------+-----
Dodging        | 3 4 |  4.1
Shields        | 3 |  3.0
Maces & Flails | 3 4 5 7 9 11 | 11.5
Fighting       | 5 6 7 9 10 11 | 11.3

Action                     |  1- 3 |  4- 6 |  7- 9 | 10-12 || total
---------------------------+-------+-------+-------+-------++-------
  Melee: Flail             |   109 |   181 |   212 |       ||   502
         Headbutt          |    13 |    24 |    56 |    15 ||   108
         Whip              |       |       |   134 |    61 ||   195
         Kick              |       |       |       |     4 ||     4
  Throw: Boomerang         |       |       |    18 |     4 ||    22
  Evoke: Wand              |       |       |     1 |       ||     1
    Use: Potion            |     1 |     5 |       |     2 ||     8
         Scroll            |       |     4 |     3 |     1 ||     8
 Armour: Robe              |    73 |   173 |   195 |    21 ||   462
  Dodge: Dodged            |    40 |    81 |    90 |    15 ||   226
  Block: Kite shield       |    47 |    98 |   103 |    11 ||   259

Table legend: (Time is in decaauts)
 A = Elapsed time spent in this place.
 B = Non-inter-level travel time spent in this place.
 C = Inter-level travel time spent in this place.
 D = Time resting spent in this place.
 E = Time spent auto-exploring this place.
 F = Levels seen in this place.
 G = Mean time per level.
                   A        B        C        D        E       F      G
               +--------+--------+--------+--------+--------+-----+--------+
         Total |   6887 |   6671 |    216 |    341 |   4975 |   8 |  860.9 |
       Dungeon |   6887 |   6671 |    216 |    341 |   4975 |   8 |  860.9 |
               +--------+--------+--------+--------+--------+-----+--------+

Top non-repeatable levels by time:
     D:4: 1191 daAuts
     D:2: 1100 daAuts
     D:7: 1095 daAuts
     D:6: 953 daAuts
     D:1: 746 daAuts
     D:3: 673 daAuts
     D:8: 581 daAuts
     D:5: 544 daAuts
